 Dungeon Crawl Stone Soup version 0.18.1-6-gd335043 (webtiles) character file.

213 M4edhros the Changer (level 5, 0/36 HPs)
             Began as a Vampire Transmuter on May 16, 2016.
             Was a Believer of Cheibriados.
             Slain by Blork the orc
             ... wielding a +0 halberd
              (9 damage)
             ... on level 4 of the Dungeon.
             The game lasted 00:09:04 (1746 turns).

M4edhros the Changer (Vampire Transmuter)           Turns: 1746, Time: 00:09:04

Health: 0/36       AC: 12    Str: 15    XL:     5   Next: 59%
Magic:  8/8        EV:  1    Int: 21    God:    Cheibriados [**....]
Gold:   110        SH:  7    Dex: 19    Spells: 1 memorised, 7 levels left

rFire  . . .     SeeInvis +     p - +4 short sword
rCold  . . .     Gourm    .     g - +0 plate armour
rNeg   . . .     Faith    .     d - +0 shield
rPois  .         Spirit   .     f - +0 helmet
rElec  .         Dismiss  .     (no cloak)
rCorr  .         Reflect  .     j - +0 pair of gloves
SustAt .         Harm     .     (no boots)
MR     .....                    (no amulet)
Stlth  ..........               (no ring)
                                (no ring)

@: regenerating quickly, very slow, not resistant to hostile enchantments,
extremely unstealthy
A: fangs 3, see invisible, unbreathing
a: Bend Time, Renounce Religion


You were on level 4 of the Dungeon.
You worshipped Cheibriados.
Cheibriados was pleased with you.
You were very full.

You visited 1 branch of the dungeon, and saw 4 of its levels.

You collected 110 gold pieces.

Inventory:

Hand Weapons
 p - a +4 short sword (weapon)
Missiles
 a - 19 arrows
 i - a throwing net (quivered)
Armour
 b - a +0 robe
 d - a +0 shield (worn)
 f - a +0 helmet (worn)
 g - a +0 plate armour (worn)
 j - a +0 pair of gloves (worn)
Scrolls
 e - a scroll of identify {unknown}
 l - a scroll of noise {unknown}
 m - a scroll of random uselessness {unknown}
 n - a scroll of fear {unknown}
 o - a scroll of teleportation {unknown}
Potions
 h - 23 potions of blood
 k - 2 potions of agility {unknown}
Books
 c - a book of Changes

   Spells                             Type                      Level
   a - Beastly Appendage              Transmutation                1
   b - Sticks to Snakes               Transmutation                2
   c - Spider Form                    Transmutation/Poison         3
   d - Ice Form                       Ice/Transmutation            4
   e - Blade Hands                    Transmutation                5


   Skills:
 - Level 0.8 Fighting
 - Level 2.1 Dodging
 + Level 5.0 Unarmed Combat
 - Level 2.0 Spellcasting
 * Level 5.3 Transmutations


You had 7 spell levels left.
You knew the following spells:

 Your Spells              Type           Power        Failure   Level  Hunger
a - Beastly Appendage     Trmt           ###...       100%        1    #......


Dungeon Overview and Level Annotations

Branches:
Dungeon (4/15)
 Temple: D:4-7

Altars:
Cheibriados
Dithmenos

Annotations:
D:4 Blork the orc


Innate Abilities, Weirdness & Mutations

Your natural rate of healing is unusually fast.
You have razor-sharp teeth.
You have supernaturally acute eyesight.
You can survive without breathing.


Message History

You puncture Blork the orc!
Blork the orc is severely wounded.
Blork the orc hits you but does no damage.
Your plate armour prevents you from hitting Blork the orc.
Blork the orc is severely wounded.
Blork the orc hits you with a halberd!
* * * LOW HITPOINT WARNING * * *
You hit Blork the orc.
Blork the orc is severely wounded.
Blork the orc gestures wildly while chanting.
Blork the orc flickers and vanishes for a moment.
You hit Blork the orc. Your bite misses Blork the orc.
Blork the orc is almost dead.
Blork the orc points at you and mumbles some strange words.
The puff of frost hits you!
Your shield and plate armour prevent you from hitting Blork the orc.
Your bite misses Blork the orc.
Blork the orc is almost dead.
Blork the orc hits you with a halberd!
You die...

################
#...............
#...............
#.......@o......
###...............
#...................
####........<..........
#......................
#......................
#......................
.......................
......................


You could see Blork the orc (invisible).

Vanquished Creatures
  A worker ant (D:4)
  Robin (D:3)
  4 gnolls
  3 adders (D:3)
  A worm (D:3)
  3 dart slugs (D:1)
  2 giant geckos
  7 orcs (D:3)
  A ball python (D:3)
  6 giant cockroaches
  13 goblins
  10 hobgoblins
  13 jackals
  2 quokkas (D:3)
  8 bats
  2 giant newts (D:3)
  4 kobolds
  8 rats
89 creatures vanquished.

Notes
Turn   | Place    | Note
--------------------------------------------------------------
     0 | D:1      | M4edhros the Vampire Transmuter began the quest for the Orb.
     0 | D:1      | Reached XP level 1. HP: 14/14 MP: 3/3
   142 | D:1      | Reached XP level 2. HP: 18/20 MP: 5/5
   340 | D:2      | Reached XP level 3. HP: 23/25 MP: 6/6
   608 | D:2      | Noticed Robin
   667 | D:2      | Reached XP level 4. HP: 8/31 MP: 7/7
   677 | D:2      | Found a snail-covered altar of Cheibriados.
   681 | D:2      | Became a worshipper of Cheibriados the Contemplative
   783 | D:3      | Killed Robin
   816 | D:4      | Noticed Blork the orc
   905 | D:3      | Found a shadowy altar of Dithmenos.
  1007 | D:3      | Reached * piety under Cheibriados
  1025 | D:3      | Found a faded altar to an unknown god.
  1081 | D:3      | Reached XP level 5. HP: 29/36 MP: 8/8
  1357 | D:1      | Reached ** piety under Cheibriados
  1407 | D:3      | Reached skill level 5 in Transmutations
  1642 | D:4      | Reached skill level 5 in Unarmed Combat
  1746 | D:4      | Slain by Blork the orc

Skill      XL: |  1  2  3  4  5 |
---------------+----------------+-----
Transmutations | 3 4 5 |  5.3
Unarmed Combat | 4 5 |  5.0
Fighting       | |  0.8
Dodging        | |  2.1
Spellcasting   | |  2.0

Action                   |  1- 3 |  4- 6 || total
-------------------------+-------+-------++-------
Melee: Unarmed           |   184 |   285 ||   469
       Bite              |    11 |    29 ||    40
       Short sword       |       |    19 ||    19
  Use: Potion            |    10 |     6 ||    16
Armor: Robe              |     5 |       ||     5
       Plate armour      |   143 |   293 ||   436
Dodge: Dodged            |    26 |    12 ||    38
Block: Shield            |    47 |   122 ||   169
